[Event "Early-Titled-Tuesday-Blitz-April-02-2024"]
[Site "Chess.com"]
[Date "2024.04.02"]
[Round "2"]
[White "WindWhistler11"]
[Black "HonestJoe1"]
[Result "1-0"]
[WhiteElo "2432"]
[BlackElo "2053"]
[TimeControl "180+1"]
[EndTime "8:15:21 PDT"]
[Termination "WindWhistler11 won by resignation"]

1. Nf3 c5 2. g3 Nc6 3. Bg2 g6 4. O-O Bg7 5. c4 Nf6 6. Nc3 O-O 7. d4 cxd4 8. Nxd4 Ng4 9. Nc2 d6 10. h3 Nge5 11. Ne3 Be6 12. Ncd5 Na5 13. Rb1 Naxc4 14. Nxc4 Nxc4 15. Nf4 Bf5 16. e4 Bd7 17. b3 Ne5 18. Be3 b6 19. Re1 Rc8 20. Nd5 Be6 21. Nf4 Bd7 22.
Nd5 Be6 23. h4 Qd7 24. Nf4 Bg4 25. f3 Be6 26. Nxe6 Qxe6 27. Kh2 Rc7 28. Bh3 Qf6 29. Kg2 e6 30. Bg5 Rc2+ 31. Qxc2 Qxf3+ 32. Kh2 1-0

[Event "Early-Titled-Tuesday-Blitz-April-02-2024"]
[Site "Chess.com"]
[Date "2024.04.02"]
[Round "2"]
[White "Polish_fighter3000"]
[Black "Bykov_Egor"]
[Result "1-0"]
[WhiteElo "3141"]
[BlackElo "2658"]
[TimeControl "180+1"]
[EndTime "8:15:26 PDT"]
[Termination "Polish_fighter3000 won by resignation"]

1. d4 Nf6 2. c4 g6 3. Nc3 Bg7 4. Nf3 O-O 5. e3 d6 6. Be2 Nbd7 7. O-O e5 8. h3 Re8 9. b4 exd4 10. Nxd4 a5 11. b5 Nc5 12. Bb2 a4 13. Rc1 Nfe4 14. Nxe4 Nxe4 15. Bf3 Qg5 16. Bxe4 Rxe4 17. Nf3 Qc5 18.
Bxg7 Kxg7 19. Qd3 Bf5 20. Kh2 Rae8 21. Qc3+ f6 22. Rfd1 Be6 23. Nd2 Qe5+ 24. f4 Qf5 25. g4 1-0

[Event "Early-Titled-Tuesday-Blitz-April-02-2024"]
[Site "Chess.com"]
[Date "2024.04.02"]
[Round "2"]
[White "Mikhail_Golubev"]
[Black "diamonds13"]
[Result "1-0"]
[WhiteElo "2617"]
[BlackElo "2366"]
[TimeControl "180+1"]
[EndTime "8:15:30 PDT"]
[Termination "Mikhail_Golubev won by resignation"]

1. e4 c5 2. Ne2 e6 3. d4 cxd4 4.
Nxd4 Nc6 5. Nc3 Nf6 6. a3 a6 7.
Nxc6 bxc6 8. e5 Nd5 9. Ne4 Qc7 10.
f4 c5 11. c4 Nb6 12. Nd6+ Bxd6 13. exd6 Qc6 14. Be2 Bb7 15. Bf3 Qc8 16. b3 Bc6 17. O-O f5 18. Bb2 O-O 19. Rc1 a5 20. a4 Rb8 21. Qd2 Bxf3 22. Rxf3 Qb7 23. Rg3 Rf7 24.
Qc3 e5 25. Qxe5 1-0

[Event "Early-Titled-Tuesday-Blitz-April-02-2024"]
[Site "Chess.com"]
[Date "2024.04.02"]
[Round "2"]
[White "Jospem"]
[Black "Zavgorodniy_Sergiy"]
[Result "1-0"]
[WhiteElo "3059"]
[BlackElo "2653"]
[TimeControl "180+1"]
[EndTime "8:15:33 PDT"]
[Termination "Jospem won by resignation"]

1. e4 c6 2. d4 d5 3. e5 Bf5 4. h4 h5 5. Bd3 Bxd3 6. Qxd3 Qa5+ 7. b4 Qxb4+ 8. Nd2 e6 9. Rb1 Qe7 10.
Ne2 Nh6 11. Nf3 Nf5 12. Ng3 g6 13. Bg5 Qd7 14. Nxf5 gxf5 15. O-O Be7 16. a4 Na6 17. Rb2 c5 18. Bxe7 Kxe7 19. Rfb1 c4 20. Qa3+ Ke8 21. Rxb7 Qd8 22. Ng5 Nc7 23. Qc5 Rc8 24. Rxa7 Qe7 25. Rxc7 Qxc7 26. Qxc7 Rxc7 27. Rb8+ Ke7 28. Rxh8 Ra7 29.
Rh7 Rxa4 30. Rxf7+ Ke8 31. Rc7 Ra1+ 32. Kh2 Rc1 33. Nxe6 Rxc2 34. Ng5 Rxf2 35. e6 Rf4 36. Nf7 Rxh4+ 37. Kg1 Kf8 38. Nd6 Re4 39. Rf7+ Kg8 40. Nxe4 fxe4 41. Rf1 1-0

[Event "Early-Titled-Tuesday-Blitz-April-02-2024"]
[Site "Chess.com"]
[Date "2024.04.02"]
[Round "2"]
[White "noblerone"]
[Black "pirulillo"]
[Result "1-0"]
[WhiteElo "2547"]
[BlackElo "2336"]
[TimeControl "180+1"]
[EndTime "8:15:34 PDT"]
[Termination "noblerone won by resignation"]

1. d4 Nf6 2. Nf3 g6 3. Bg5 Bg7 4. Nbd2 d5 5. e3 O-O 6. Be2 c5 7. O-O Nc6 8. c3 h6 9. Bxf6 Bxf6 10. dxc5 e5 11. a4 Qe7 12. Nb3 e4 13. Nfd4 Ne5 14. Rc1 h5 15. h3 Bd7 16. Bb5 a6 17. Bxd7 Qxd7 18. Nd2 Rac8 19. b4 Nd3 20. Rb1 Be5 21.
f4 exf3 22. N2xf3 Bxd4 23. cxd4 Qf5 24. Ne5 Nxe5 25. Rxf5 gxf5 26. dxe5 1-0

[Event "Early-Titled-Tuesday-Blitz-April-02-2024"]
[Site "Chess.com"]
[Date "2024.04.02"]
[Round "2"]
[White "tortorchess"]
[Black "SaiAgni_98"]
[Result "0-1"]
[WhiteElo "2200"]
[BlackElo "2496"]
[TimeControl "180+1"]
[EndTime "8:15:34 PDT"]
[Termination "SaiAgni_98 won by resignation"]

1. d4 d5 2. c4 c6 3. Nc3 Nf6 4. Nf3 e6 5. Bg5 Nbd7 6. e3 Be7 7. Bd3 h6 8. Bh4 dxc4 9. Bxc4 b5 10. Bb3 Bb7 11. O-O O-O 12. Bc2 b4 13. Na4 c5 14.
dxc5 Nxc5 15. Nxc5 Bxc5 16. Qxd8 Rfxd8 17. Bxf6 gxf6 18. Nh4 f5 19. Rfd1 Kg7 20. g3 Be7 21. Ng2 Bf6 22.
Rab1 Bf3 23. Rdc1 Rac8 24. Ne1 Bd5 25. b3 Bc3 26. Nd3 Bd2 27. Rd1 Rxc2 28. Nf4 Bf3 29. Rf1 e5 30. Nh3 Be2 0-1

[Event "Early-Titled-Tuesday-Blitz-April-02-2024"]
[Site "Chess.com"]
[Date "2024.04.02"]
[Round "2"]
[White "Aleksandar-Topalov"]
[Black "Kostya0705"]
[Result "0-1"]
[WhiteElo "2344"]
[BlackElo "2567"]
[TimeControl "180+1"]
[EndTime "8:15:35 PDT"]
[Termination "Kostya0705 won by resignation"]

1. b3 b5 2. Bb2 Bb7 3. Nf3 Nf6 4. e3 a6 5. a3 e6 6. c4 bxc4 7. bxc4 Be7 8. Be2 O-O 9. O-O c5 10. d3 Nc6 11. Nbd2 Qc7 12. Rb1 Rab8 13. Qc2 Rfd8 14.
Rfc1 h6 15. h3 d6 16. Bc3 Nd7 17. Rb2 Bf6 18. Rcb1 Ba8 19. Bxf6 Nxf6 20. Qa4 Qa7 21. Nb3 e5 22. Nfd2 Ne7 23. Na5 e4 24. dxe4 Nxe4 25. Nxe4 Bxe4 26. Rxb8 Rxb8 27. Rd1 Rb2 28. Qe8+ Kh7 29.
Bd3 Bxd3 30. Rxd3 Qc7 31. Nb3 Rb1+ 32. Kh2 d5+ 33. g3 dxc4 34. Rd7 Qc6 0-1

[Event "Early-Titled-Tuesday-Blitz-April-02-2024"]
[Site "Chess.com"]
[Date "2024.04.02"]
[Round "2"]
[White "GOGIEFF"]
[Black "AlexanderKing"]
[Result "1-0"]
[WhiteElo "3010"]
[BlackElo "2637"]
[TimeControl "180+1"]
[EndTime "8:15:37 PDT"]
[Termination "GOGIEFF won by resignation"]

1. c4 e6 2. d4 d5 3. Nc3 c5 4. e3 Nf6 5. Nf3 a6 6. a3 dxc4 7. Bxc4 b5 8. Ba2 Bb7 9. O-O Nbd7 10. Qe2 Bd6 11. Rd1 Qc7 12. dxc5 Nxc5 13. b4 Nce4 14. Nxe4 Nxe4 15. Bb2 O-O 16. Rac1 Qe7 17. Ne5 Rac8 18. f3 Nf6 19. e4 Bb8 20. Nd3 Ba7+ 21. Kh1 Nd7 22.
Qe1 Qg5 23. Qg3 Qxg3 24. hxg3 Rxc1 25. Nxc1 Rc8 26. Rxd7 1-0

[Event "Early-Titled-Tuesday-Blitz-April-02-2024"]
[Site "Chess.com"]
[Date "2024.04.02"]
[Round "2"]
[White "LiamPutnam2008"]
[Black "LornerAcosta"]
[Result "1-0"]
[WhiteElo "2929"]
[BlackElo "2621"]
[TimeControl "180+1"]
[EndTime "8:15:41 PDT"]
[Termination "LiamPutnam2008 won by resignation"]

1. e4 c5 2. Nf3 Nc6 3. d4 cxd4 4.
Nxd4 Nf6 5. Nc3 e6 6. Be2 Bb4 7. O-O O-O 8. Qd3 a6 9. Kh1 d5 10. Nxc6 bxc6 11. e5 Nd7 12. Qg3 f5 13. exf6 Nxf6 14.
Bf4 Bxc3 15. Qxc3 Ne4 16. Qe3 Qf6 17. Bc7 Qxb2 18. Bd3 Qc3 19. f3 Qd2 20. Qd4 Nf6 21. Bxh7+ Kxh7 22. Qxd2 1-0

[Event "Early-Titled-Tuesday-Blitz-April-02-2024"]
[Site "Chess.com"]
[Date "2024.04.02"]
[Round "2"]
[White "JosefineHeinemann"]
[Black "newauto"]
[Result "1-0"]
[WhiteElo "2499"]
[BlackElo "2209"]
[TimeControl "180+1"]
[EndTime "8:15:41 PDT"]
[Termination "JosefineHeinemann won by resignation"]

1. d4 c6 2. e4 d5 3. e5 Bf5 4.
Nf3 e6 5. Be2 c5 6. Be3 Ne7 7.
O-O Nec6 8. dxc5 Nd7 9. c4 dxc4 10. Nbd2 Ncxe5 11. Nxe5 Nxe5 12. Nxc4 Nxc4 13. Bxc4 a6 14. Qb3 Qc7 15. Qc3 Bxc5 16. Qxg7 Rf8 17. Rac1 Qe7 18. Bb5+ axb5 19. Bxc5 1-0

[Event "Early-Titled-Tuesday-Blitz-April-02-2024"]
[Site "Chess.com"]
[Date "2024.04.02"]
[Round "2"]
[White "javierfreilemartin"]
[Black "whiteglovethief"]
[Result "0-1"]
[WhiteElo "2310"]
[BlackElo "2540"]
[TimeControl "180+1"]
[EndTime "8:15:44 PDT"]
[Termination "whiteglovethief won by resignation"]

1. c4 Nf6 2. Nc3 c5 3. Nf3 Nc6 4. d4 cxd4 5. Nxd4 g6 6. g3 Bg7 7. Bg2 O-O 8. Nb3 d6 9. O-O Bf5 10. e4 Bg4 11. f3 Bd7 12. Nd5 Nxd5 13. cxd5 Na5 14. Be3 Nc4 15. Bd4 Bxd4+ 16. Qxd4 Qb6 17. Qxb6 axb6 18. Rf2 Rfc8 19. Bf1 Ne3 20. Nd4 Nxf1 21. Kxf1 Rc4 22. Rd2 b5 23. b3 Rc3 24.
Ke2 b4 25. Kf2 Kf8 26. Re1 e5 27. dxe6 fxe6 28. g4 Ke7 29. Kg3 e5 30. Ne2 Rc6 31. Rc1 g5 32. Rxc6 bxc6 33. Kf2 Be6 34. Ke3 d5 35.
exd5 cxd5 36. Rc2 Kd6 37. Nc1 d4+ 38. Kf2 Rf8 39. Kg3 Bd5 40. Rf2 e4 41. fxe4 Rxf2 42. Kxf2 Bxe4 43. Ke2 Ke5 44. h3 Kf4 45. Nd3+ Bxd3+ 46. Kxd3 Ke5 47. Kc4 Ke4 48. Kxb4 d3 49. a4 d2 50. a5 d1=Q 51. a6 0-1

[Event "Early-Titled-Tuesday-Blitz-April-02-2024"]
[Site "Chess.com"]
[Date "2024.04.02"]
[Round "2"]
[White "mishanick"]
[Black "AsterPhoenix"]
[Result "1-0"]
[WhiteElo "3053"]
[BlackElo "2652"]
[TimeControl "180+1"]
[EndTime "8:15:46 PDT"]
[Termination "mishanick won by resignation"]

1. d4 Nf6 2. c4 e6 3. Nc3 d5 4.
Bg5 dxc4 5. e3 a6 6. Bxc4 b5 7.
Qf3 Ra7 8. Bb3 Bb7 9. Qh3 c5 10. Nf3 Nbd7 11. Rd1 c4 12. Bc2 b4 13. Bxf6 gxf6 14. Ne4 b3 15. axb3 cxb3 16. Bb1 Qa5+ 17. Nfd2 f5 18. Nc3 Rg8 19. d5 Nf6 20. O-O Nxd5 21. Nxd5 Bxd5 22. e4 fxe4 23. Nxe4 Be7 24. Qxh7 Kf8 25. Qh6+ Rg7 26. Rc1 Ra8 27. Rc3 Bxe4 28.
Bxe4 Rd8 29. Rg3 Qe5 30. Qh8+ 1-0

[Event "Early-Titled-Tuesday-Blitz-April-02-2024"]
[Site "Chess.com"]
[Date "2024.04.02"]
[Round "2"]
[White "Vasily_IM"]
[Black "JCVanDamme10"]
[Result "1-0"]
[WhiteElo "2556"]
[BlackElo "2342"]
[TimeControl "180+1"]
[EndTime "8:15:46 PDT"]
[Termination "Vasily_IM won by checkmate"]

1. d4 d5 2. c4 c6 3. Nf3 Nf6 4.
Nc3 e6 5. cxd5 exd5 6. Qc2 Bg4 7. Bg5 Nbd7 8. e3 Bxf3 9. gxf3 Be7 10. Bd3 h6 11.
Bh4 Qa5 12. O-O O-O 13. Rab1 a6 14. a3 Rfe8 15. b4 Qd8 16. Rfc1 Rc8 17. Na4 b5 18.
Nc3 Nb6 19. Bf5 Ra8 20. Bg3 Nc4 21. Ra1 Nh5 22. Rd1 Nxg3 23. hxg3 Bd6 24. e4 Qg5 25. e5 Bc7 26. f4 Qe7 27. Kg2 Bb6 28. Qe2 a5 29. Na2 Nxa3 30. bxa5 Rxa5 31. Nc1 Nc4 32. Rxa5 Bxa5 33. Nb3 Bb6 34. Bb1 Ra8 35. Qd3 Ra3 36. Qh7+ Kf8 37. Qh8# 1-0

[Event "Early-Titled-Tuesday-Blitz-April-02-2024"]
[Site "Chess.com"]
[Date "2024.04.02"]
[Round "2"]
[White "Mops_2004"]
[Black "RantomOpening"]
[Result "1-0"]
[WhiteElo "2773"]
[BlackElo "2569"]
[TimeControl "180+1"]
[EndTime "8:15:47 PDT"]
[Termination "Mops_2004 won by resignation"]

1. Nf3 d5 2. e3 e6 3. c4 Nf6 4. Nc3 dxc4 5. Bxc4 a6 6. O-O b5 7. Bb3 Bb7 8. d4 Nbd7 9. e4 Be7 10. e5 Nd5 11. Nxd5 exd5 12. Bc2 Nf8 13. Ne1 c5 14. f4 cxd4 15. f5 Qb6 16. Nd3 O-O-O 17. Qg4 Kb8 18. Qxg7 Nd7 19. Qxf7 Rde8 20. f6 Rhf8 21.
Qxh7 Nxf6 22. exf6 Bxf6 23. Bh6 Rh8 24. Qg6 Bd8 25. Qxb6 Bxb6 26. Bf4+ Ka7 27. Rae1 Rc8 28. Bd1 a5 29. Re7 Ka8 30. Be5 Rhe8 31. Rxe8 Rxe8 32.
Rf4 b4 33. Bxd4 Bc7 34. Rf7 1-0

[Event "Early-Titled-Tuesday-Blitz-April-02-2024"]
[Site "Chess.com"]
[Date "2024.04.02"]
[Round "2"]
[White "Kushch_Nikolai"]
[Black "tarno17"]
[Result "1-0"]
[WhiteElo "2449"]
[BlackElo "2154"]
[TimeControl "180+1"]
[EndTime "8:15:52 PDT"]
[Termination "Kushch_Nikolai won by resignation"]

1. Nf3 d5 2. d4 Nf6 3. c4 e6 4. Nc3 Be7 5. Bg5 O-O 6. e3 h6 7. Bh4 b6 8. Qb3 Bb7 9. Bxf6 Bxf6 10. cxd5 exd5 11. Rd1 c6 12. Bd3 Ba6 13. Bxa6 Nxa6 14. O-O Nc7 15. Rc1 Ne6 16. Rfd1 Ng5 17. Nxg5 Bxg5 18.
Ne2 Qd6 19. Ng3 f5 20. f4 Bh4 21. Nf1 Bf6 22. Nd2 g5 23. g3 gxf4 24. gxf4 Kf7 25. Nf3 Rg8+ 26. Kh1 Rg6 27. Ne5+ Bxe5 28. dxe5 Qe7 29.
Qd3 Ke6 30. Rxc6+ Kf7 31. Qxf5+ 1-0

[Event "Early-Titled-Tuesday-Blitz-April-02-2024"]
[Site "Chess.com"]
[Date "2024.04.02"]
[Round "2"]
[White "Hikaru"]
[Black "Firegrizzly"]
[Result "1-0"]
[WhiteElo "3265"]
[BlackElo "2663"]
[TimeControl "180+1"]
[EndTime "8:15:53 PDT"]
[Termination "Hikaru won by resignation"]

1. Nf3 g6 2. e4 Bg7 3. d4 d6 4.
Bc4 c6 5. Qe2 e6 6. e5 d5 7. Bb3 Ne7 8. h4 h6 9. c3 b6 10. Bc2 Ba6 11. Bd3 Qc8 12. b3 Bxd3 13. Qxd3 Qa6 14. c4 Nd7 15. Nc3 Rd8 16. a4 dxc4 17.
Qe2 Nd5 18. Bd2 Nb4 19. O-O cxb3 20. Nb5 cxb5 21. axb5 Qb7 22. Bxb4 Bf8 23. Bxf8 Kxf8 24. Rfb1 Kg7 25. Rxb3 Ra8 26. Rba3 Rhc8 27. h5 g5 28. Qe3 Kh7 29. Nh2 Qd5 30. Ng4 Kg7 31. f4 f5 32.
exf6+ Nxf6 33. Rxa7+ Rxa7 34. Rxa7+ Nd7 35. Qe5+ Qxe5 36.
Rxd7+ Kf8 37. fxe5 Rc1+ 38. Kh2 Rh1+ 39. Kxh1 Ke8 40. Nf6+ 1-0

[Event "Early-Titled-Tuesday-Blitz-April-02-2024"]
[Site "Chess.com"]
[Date "2024.04.02"]
[Round "2"]
[White "Anton_Demchenko"]
[Black "Ordekalog"]
[Result "1-0"]
[WhiteElo "2988"]
[BlackElo "2635"]
[TimeControl "180+1"]
[EndTime "8:15:53 PDT"]
[Termination "Anton_Demchenko won by resignation"]

1. e4 c5 2. Nc3 e6 3. Nge2 d6 4. d4 cxd4 5. Nxd4 Nc6 6. Be3 Nf6 7.
f3 a6 8. Qd2 Qc7 9. O-O-O Bd7 10. Kb1 b5 11. Ndxb5 axb5 12. Nxb5 Qb8 13. Nxd6+ Bxd6 14.
Qxd6 Qxd6 15. Rxd6 Ne7 16. Be2 O-O 17. Rhd1 Bc8 18.
Bc5 Ng6 19. Rd8 Re8 20. Bb5 Bd7 21. R8xd7 Nxd7 22. Rxd7 Red8 23. Rxd8+ Rxd8 24. Kc1 Nf4 25. Bf1 g5 26. a4 Ra8 27. b3 h5 28. Be3 Kf8 29. g3 Ng6 30. Bxg5 Ne5 31. Be2 1-0

[Event "Early-Titled-Tuesday-Blitz-April-02-2024"]
[Site "Chess.com"]
[Date "2024.04.02"]
[Round "2"]
[White "Statham_01"]
[Black "EvgenyBurmakin"]
[Result "1-0"]
[WhiteElo "2628"]
[BlackElo "2350"]
[TimeControl "180+1"]
[EndTime "8:15:54 PDT"]
[Termination "Statham_01 won by resignation"]

1. e4 c5 2. a3 e5 3. Nf3 Nc6 4. Bc4 Bd6 5. c3 Nf6 6. d3 Bc7 7. O-O O-O 8. b4 cxb4 9. axb4 d5 10. exd5 Nxd5 11. Qb3 Nce7 12. Re1 f6 13. d4 Be6 14.
dxe5 fxe5 15. Ng5 Qd7 16. Nd2 h6 17. Nxe6 Qxe6 18. Ne4 Bb6 19. Be3 Bxe3 20. Rxe3 Kh8 21. Rd3 Rad8 22. Rad1 Qg6 23. Bxd5 Nxd5 24. Rxd5 1-0

[Event "Early-Titled-Tuesday-Blitz-April-02-2024"]
[Site "Chess.com"]
[Date "2024.04.02"]
[Round "2"]
[White "StankovicIvan"]
[Black "Ariadna_Atreides"]
[Result "1-0"]
[WhiteElo "2493"]
[BlackElo "2197"]
[TimeControl "180+1"]
[EndTime "8:15:55 PDT"]
[Termination "StankovicIvan won on time"]

1. e4 c6 2. d4 d5 3. e5 Bf5 4.
h4 h5 5. Bg5 Qb6 6. Bd3 Qxd4 7.
Nf3 Qg4 8. Bxf5 Qxf5 9. c4 Qe4+ 10. Be3 Qxc4 11. e6 fxe6 12. Nbd2 Qg4 13. O-O Nd7 14. Qb3 b6 15. Rac1 c5 16. Qb5 Nf6 17. Qc6 Rd8 18.
Rfe1 Qb4 19. Qxe6 g6 20. Ng5 Ne5 21. Qxe5 Bg7 22. Qe6 Rf8 23. Ndf3 Qxb2 24. Rb1 1-0

[Event "Early-Titled-Tuesday-Blitz-April-02-2024"]
[Site "Chess.com"]
[Date "2024.04.02"]
[Round "2"]
[White "GMthekingindian"]
[Black "Rosh1610"]
[Result "1-0"]
[WhiteElo "2210"]
[BlackElo "2473"]
[TimeControl "180+1"]
[EndTime "8:15:56 PDT"]
[Termination "GMthekingindian won by resignation"]

1. e4 c5 2. Nf3 d6 3. c3 Nf6 4. Be2 Nc6 5. d4 e5 6. dxe5 dxe5 7. Qxd8+ Kxd8 8. Bg5 Be7 9. Nbd2 Be6 10. Bxf6 Bxf6 11. Nc4 Kc7 12. a4 b6 13. Rd1 a6 14. Ne3 Ne7 15. Bc4 Rhd8 16. Rxd8 Kxd8 17. Ke2 Kc7 18. Rd1 Kc6 19. Bd5+ Bxd5 20. exd5+ Kd7 21. Nc4 Rb8 22. Nfxe5+ Bxe5 23. Nxe5+ Ke8 24. d6 f6 25. d7+ Kd8 26.
Nf7+ Kc7 27. d8=Q+ Rxd8 28. Nxd8 1-0

[Event "Early-Titled-Tuesday-Blitz-April-02-2024"]
[Site "Chess.com"]
[Date "2024.04.02"]
[Round "2"]
[White "maurovargas01"]
[Black "szachmistrz2500"]
[Result "0-1"]
[WhiteElo "1861"]
[BlackElo "2413"]
[TimeControl "180+1"]
[EndTime "8:15:56 PDT"]
[Termination "szachmistrz2500 won on time"]

1. e4 c5 2. Nc3 a6 3. f4 b5 4. Nf3 Bb7 5. Nd5 e6 6. Ne3 Bxe4 7.
a4 b4 8. d3 Bb7 9. b3 Nf6 10.
Bb2 Nc6 11. g3 d6 12. Bg2 Be7 13. O-O O-O 14. Nc4 Na5 15. Ne3 Nd7 16. Qe1 Bf6 17. d4 cxd4 18. Nxd4 Qb6 19. Rd1 Nc6 20. Nc4 Qa7 21. Qf2 Nxd4 22. Bxd4 Bxd4 23. Rxd4 Bxg2 24. Kxg2 d5 25. Nd2 Qc5 26. Nf3 Rac8 27. Rc1 Nf6 28. Qd2 a5 29. Ne5 Ne4 30. Qd3 Rc7 31. g4 Nc3 32. g5 Ne2 33. Qxe2 Qxd4 0-1

[Event "Early-Titled-Tuesday-Blitz-April-02-2024"]
[Site "Chess.com"]
[Date "2024.04.02"]
[Round "2"]
[White "XDPS"]
[Black "MalyDominator"]
[Result "1-0"]
[WhiteElo "2918"]
[BlackElo "2616"]
[TimeControl "180+1"]
[EndTime "8:15:57 PDT"]
[Termination "XDPS won by resignation"]

1. d4 Nf6 2. Nf3 d5 3. Bf4 c5 4. e3 e6 5. Nbd2 Bd6 6. c3 O-O 7. Bd3 Qc7 8. Bxd6 Qxd6 9. Ne5 Nfd7 10. f4 Nc6 11. Qh5 Nf6 12. Qh4 Ne7 13. g4 Ng6 14. Qg3 cxd4 15. exd4 Ne4 16. Nxe4 dxe4 17. Bxe4 Qb6 18.
O-O-O a5 19. f5 Nxe5 20. dxe5 exf5 21. gxf5 Qh6+ 22. Kb1 a4 23. a3 Ra6 24. Rhg1 Rb6 25.
f6 g6 26. Bd5 Bf5+ 27. Ka1 Bc2 28. Rd4 Bf5 29. Qf2 Rb5 30. Rh4 1-0

[Event "Early-Titled-Tuesday-Blitz-April-02-2024"]
[Site "Chess.com"]
[Date "2024.04.02"]
[Round "2"]
[White "dosto07"]
[Black "Alenzer"]
[Result "0-1"]
[WhiteElo "2466"]
[BlackElo "2197"]
[TimeControl "180+1"]
[EndTime "8:15:59 PDT"]
[Termination "Alenzer won by resignation"]

1. e4 c5 2. Nf3 e6 3. c3 d5 4.
exd5 exd5 5. d4 Nf6 6. Bb5+ Nc6 7.
O-O Bd6 8. dxc5 Bxc5 9. Re1+ Be6 10. Be3 Bd6 11. Nbd2 O-O 12. Nb3 Ne4 13. Nbd4 Bd7 14. Bd3 Ne5 15. Nxe5 Bxe5 16. Nf3 Bc7 17. Qb3 Bc6 18.
Rad1 Qf6 19. c4 dxc4 20. Qxc4 Nd6 21. Qf4 Qxb2 22. Bd4 Qxa2 23. Bxh7+ Kxh7 24. Ng5+ Kg8 25. Qh4 Qc2 26. Rc1 Qg6 27. Rc3 Nf5 28. Qf4 Bxf4 0-1

[Event "Early-Titled-Tuesday-Blitz-April-02-2024"]
[Site "Chess.com"]
[Date "2024.04.02"]
[Round "2"]
[White "stolencandy13"]
[Black "ArchibaldCerveza29"]
[Result "1-0"]
[WhiteElo "2644"]
[BlackElo "2369"]
[TimeControl "180+1"]
[EndTime "8:16:00 PDT"]
[Termination "stolencandy13 won by checkmate"]

1. d4 Nf6 2. Bf4 c6 3. e3 g6 4.
Nc3 Bg7 5. Nf3 O-O 6. h4 d6 7.
Bd3 Bg4 8. Qd2 Nbd7 9. Nh2 e5 10. Bg5 h6 11. Nxg4 hxg5 12. Nxf6+ Bxf6 13. hxg5 Bxg5 14. d5 Nc5 15. O-O-O Rc8 16. Kb1 a6 17. f4 Bf6 18.
f5 Kg7 19. fxg6 fxg6 20. Rdf1 Qe7 21. Ne4 Nxe4 22. Bxe4 cxd5 23. Qxd5 Rc5 24. Qd3 d5 25. Bxg6 e4 26. Qe2 Qe5 27. c3 Kxg6 28. Qg4+ Qg5 29. Qd7 Rcc8 30. Qh7# 1-0

[Event "Early-Titled-Tuesday-Blitz-April-02-2024"]
[Site "Chess.com"]
[Date "2024.04.02"]
[Round "2"]
[White "ChainedDowntohell"]
[Black "DarZay"]
[Result "1-0"]
[WhiteElo "2550"]
[BlackElo "2339"]
[TimeControl "180+1"]
[EndTime "8:16:01 PDT"]
[Termination "ChainedDowntohell won by resignation"]

1. d4 d5 2. c4 e6 3. Nc3 Be7 4. Nf3 Nf6 5. e3 O-O 6. a3 c5 7.
dxc5 Bxc5 8. b4 Be7 9. cxd5 Nxd5 10. Nxd5 exd5 11. Bb2 Bg4 12. Be2 Nc6 13. O-O Qd7 14. Qb3 Rad8 15. Rfd1 Qe6 16. h3 Bh5 17. Rd2 Bf6 18.
Rad1 Bxb2 19. Qxb2 Rd7 20. Nd4 Nxd4 21. Bxh5 Nb5 22.
Bf3 Rfd8 23. a4 Nc7 24. Bg4 f5 25. Bf3 Ne8 26. Rc2 Nf6 27. Qd4 Ne4 28. Qxa7 b5 29. Qa5 bxa4 30. Qxa4 Qg6 31. Qb5 Ng5 32. Bxd5+ Kh8 33.
Qxd7 Nxh3+ 34. Kf1 1-0

[Event "Early-Titled-Tuesday-Blitz-April-02-2024"]
[Site "Chess.com"]
[Date "2024.04.02"]
[Round "2"]
[White "YouJustFoundYourGodfather"]
[Black "maciek_92"]
[Result "0-1"]
[WhiteElo "2588"]
[BlackElo "2850"]
[TimeControl "180+1"]
[EndTime "8:16:02 PDT"]
[Termination "maciek_92 won by resignation"]

1. e4 c5 2. Nf3 e6 3. g3 Nc6 4.
Qe2 Nf6 5. e5 Ng4 6. h3 Nh6 7.
Bg2 Nf5 8. c3 d6 9. Na3 dxe5 10.
Nxe5 Nxe5 11. Qxe5 Bd6 12. Qe2 O-O 13. Nc4 Bc7 14. a4 Rb8 15. d3 b6 16. h4 e5 17. Bg5 f6 18. Bd2 Be6 19. h5 Qd7 20.
Be4 Rbd8 21. a5 b5 22. Ne3 Nxe3 23. Bxe3 f5 24. Bg2 Bd6 25. h6 g6 26. Qf3 Be7 27. Qc6 b4 28. cxb4 c4 29. Qxd7 Bxb4+ 30. Kf1 Rxd7 31. dxc4 Bxc4+ 32. Kg1 f4 33. gxf4 exf4 34.
Rh4 fxe3 35. Rxc4 e2 0-1

[Event "Early-Titled-Tuesday-Blitz-April-02-2024"]
[Site "Chess.com"]
[Date "2024.04.02"]
[Round "2"]
[White "MKlose11"]
[Black "Fengwi"]
[Result "1-0"]
[WhiteElo "2610"]
[BlackElo "2350"]
[TimeControl "180+1"]
[EndTime "8:16:02 PDT"]
[Termination "MKlose11 won by checkmate"]

1. e4 c5 2. Nc3 Nc6 3. g3 g6 4. Bg2 Bg7 5. d3 Rb8 6. Be3 d6 7. Qd2 b5 8. Nge2 b4 9. Nd1 h5 10. h3 e6 11. O-O Nge7 12. f4 O-O 13. f5 exf5 14. exf5 Bxf5 15. Rxf5 gxf5 16. Bh6 Ne5 17. Bxg7 Kxg7 18. Nf4 Rh8 19. Ne3 Qd7 20. Rf1 N7g6 21. Nfd5 h4 22. Nxf5+ Kf8 23. g4 Re8 24. Nf6 Qd8 25.
Nxe8 Kxe8 26. c3 bxc3 27. bxc3 Qb6 28. d4 cxd4 29. cxd4 Kd8 30. Kh1 Nd7 31. Qg5+ Kc7 32. Rc1+ Kb8 33. Qd2 Rc8 34. Rf1 Rc4 35. Qd3 Rb4 36. a3 Rb2 37. Qc4 Qc7 38. Qd5 Nb6 39.
Qf3 Qc2 40. Qb7# 1-0

[Event "Early-Titled-Tuesday-Blitz-April-02-2024"]
[Site "Chess.com"]
[Date "2024.04.02"]
[Round "2"]
[White "IMchanged"]
[Black "LionKing2367890"]
[Result "1-0"]
[WhiteElo "2671"]
[BlackElo "2279"]
[TimeControl "180+1"]
[EndTime "8:16:03 PDT"]
[Termination "IMchanged won by resignation"]

1. d4 Nf6 2. Nc3 d5 3. Bf4 e6 4.
e3 Bd6 5. Bd3 Bxf4 6. exf4 c5 7.
dxc5 Qa5 8. Nf3 Qxc5 9. Qd2 Nc6 10. Nb5 O-O 11. c3 a6 12. Nbd4 Rd8 13. O-O b5 14. Rfe1 Bb7 15. Ne5 Ne4 16. Qe3 Nxe5 17. fxe5 Qc7 18. f3 Nc5 19. Bc2 Rac8 20. Rad1 Nd7 21.
Qf4 Nf8 22. h4 Ng6 23. Qg3 Nf8 24. h5 h6 25. f4 b4 26. cxb4 Qb6 27. Kh2 Qxb4 28. f5 exf5 29. Nxf5 Ne6 30. Bd3 Qf4 31. Qxf4 Nxf4 32. Ne7+ Kf8 33. Nxc8 Rxc8 34. Bf5 Rc2 35. Bxc2 1-0

[Event "Early-Titled-Tuesday-Blitz-April-02-2024"]
[Site "Chess.com"]
[Date "2024.04.02"]
[Round "2"]
[White "Sl4werThanYou"]
[Black "esrosenberg"]
[Result "1-0"]
[WhiteElo "2720"]
[BlackElo "2514"]
[TimeControl "180+1"]
[EndTime "8:16:05 PDT"]
[Termination "Sl4werThanYou won by checkmate"]

1. e4 c5 2. Nf3 e6 3. d4 cxd4 4. Nxd4 Nf6 5. Nc3 Nc6 6. Bf4 Bb4 7. Nb5 Nxe4 8. Qf3 d5 9. Nc7+ Kf8 10. Nxa8 e5 11. Bd2 Nd4 12. Qd1 Qh4 13. g3 Qf6 14. Nxe4 Nf3+ 15. Qxf3 Qxf3 16. Bxb4+ Kg8 17. Nd6 Qxh1 18.
O-O-O Be6 19. Nc7 Qxh2 20. Nxd5 Qxf2 21. Ne7+ Kf8 22. Ndf5 f6 23. Ng6+ Kf7 24. Nxh8+ Ke8 25. Nxg7# 1-0

[Event "Early-Titled-Tuesday-Blitz-April-02-2024"]
[Site "Chess.com"]
[Date "2024.04.02"]
[Round "2"]
[White "krucki03"]
[Black "ViIIagra"]
[Result "0-1"]
[WhiteElo "2520"]
[BlackElo "2896"]
[TimeControl "180+1"]
[EndTime "8:16:05 PDT"]
[Termination "ViIIagra won by resignation"]

1. e4 d6 2. g3 Nf6 3. Bg2 g6 4. f4 e5 5. d3 exf4 6. Bxf4 Bg7 7. c3 O-O 8. Nf3 d5 9. exd5 Nxd5 10. O-O Nxf4 11.
gxf4 Nc6 12. d4 Qd6 13. Ne5 Nxe5 14. fxe5 Qb6 15. Qb3 c5 16. Nd2 cxd4 17. Qxb6 axb6 18. cxd4 Ra4 19. Nb3 Be6 20. Bxb7 Bxb3 21. axb3 Rxd4 22. Rae1 Re8 23. Ba6 Rxe5 24. Rxe5 Bxe5 25. Bc4 Rd7 26. Re1 Bxb2 27. Re2 Bd4+ 28. Kg2 Bc5 29. h3 Kg7 30. Kf3 Rd6 31. Re4 h5 32. Re2 Rf6+ 33. Kg2 Rf5 34.
Re1 Rg5+ 35. Kh1 Rg3 36. Rf1 f5 37. Kh2 Bd6 0-1